Sabres vs Nordiques

Created - 17 novembre 2020 at 12:29

Goals
1 2 3 T
Sabres 2 0 0 2
Nordiques 0 0 1 1
Shots
1 2 3 T
Sabres 10 13 8 31
Nordiques 13 13 9 35

1st period

1. Sabres , Kevin Hayes 1 (Zach Hyman 2) at 14:52
2. Sabres , Anze Kopitar 3 (Rickard Rakell 4) at 16:35 (PP)

Penalties :
Sebastian Aho (QUE) for Hooking (Minor) at 16:31

2nd period

No Goal

Penalties :
Andre Burakovsky (BUF) for Holding (Minor) at 13:39

3rd period

3. Nordiques , Hudson Fasching 1 (Joel Farabee 1, Philippe Myers 2) at 11:10

Penalties :
Ryan Lindgren (QUE) for Diving (Minor) at 4:17, David Backes (QUE) for Diving (Minor) at 13:04

Goalie Stats

Elvis Merzlikins (BUF), 34 saves from 35 shots - (0,971), W, 2-1-0, 60:00 minutes
Dan Vladar (QUE), 29 saves from 31 shots - (0,935), L, 2-2-0, 59:01 minutes

Players Stats for Sabres

Player Name              G  A  P  +/- PIM S  H  SB GA TA FO     MP     PP MP  PK MP  
------------------------------------------------------------------------------------
Andre Burakovsky         0  0  0   0  2   0  2  1  1  0  1/1    16:02   1:51   0:00 
Anze Kopitar             1  0  1   0  0   4  1  0  1  0  11/16  16:14   2:11   0:09 
Clayton Keller           0  0  0   0  0   1  1  0  0  1  0/1    14:44   0:10   0:34 
Filip Hronek             0  0  0   1  0   3  2  1  0  3  0/0    25:12   2:20   1:20 
Ivan Provorov            0  0  0   1  0   1  0  0  0  1  0/0    25:00   2:20   0:39 
Joonas Donskoi           0  0  0   0  0   1  1  0  1  0  0/0    13:30   0:00   0:34 
Kailer Yamamoto          0  0  0   0  0   2  2  0  0  0  0/1    15:26   2:01   0:00 
Kevin Hayes              1  0  1   0  0   4  1  0  4  0  5/9    17:23   1:51   0:47 
Madison Bowey            0  0  0   0  0   2  0  0  0  1  0/0    13:59   0:00   0:00 
Marco Scandella          0  0  0   0  0   1  1  3  0  0  0/0    14:34   0:00   0:39 
Nicklas Backstrom        0  0  0   0  0   0  0  1  0  0  6/12   15:33   1:51   0:00 
Rasmus Dahlin            0  0  0  -1  0   1  1  0  0  0  0/0    20:14   1:42   0:00 
Rickard Rakell           0  1  1   0  0   4  1  0  0  0  0/1    15:43   2:11   0:00 
Ryan Carpenter           0  0  0   0  0   0  1  1  1  0  5/11   13:36   0:00   0:57 
Ryan Murray              0  0  0  -1  0   0  0  0  0  2  0/0    21:01   1:42   1:20 
Tyler Ennis              0  0  0   0  0   1  3  1  1  0  1/1    13:42   0:00   0:00 
Viktor Arvidsson         0  0  0   0  0   3  1  0  2  0  0/0    12:01   0:00   0:00 
Zach Hyman               0  1  1   0  0   3  0  0  0  0  0/1    14:06   0:00   0:57 

Players Stats for Nordiques

Player Name              G  A  P  +/- PIM S  H  SB GA TA FO     MP     PP MP  PK MP  
------------------------------------------------------------------------------------
Alexander Wennberg       0  0  0   0  0   4  2  0  0  0  1/1    16:55   1:03   2:03 
Brandon Dubinsky         0  0  0   0  0   1  0  0  0  0  9/15   15:05   0:56   1:58 
Brent Seabrook           0  0  0  -1  0   0  2  4  0  1  0/0    23:24   1:14   2:31 
Cole Schneider           0  0  0   0  0   4  0  0  0  0  0/0    14:10   0:00   0:01 
David Backes             0  0  0   0  2   1  2  0  1  0  0/0    13:56   0:00   0:00 
Hudson Fasching          1  0  1   0  0   1  2  1  0  2  0/1    13:37   0:00   0:00 
Joel Farabee             0  1  1   0  0   2  1  2  0  1  0/1    14:03   0:00   0:01 
Joel L'Esperance         0  0  0   0  0   0  2  0  2  0  1/7    13:37   0:00   0:00 
Justin Abdelkader        0  0  0   0  0   1  2  0  0  1  0/0    15:02   0:53   1:58 
Justin Holl              0  0  0   0  0   1  2  3  1  1  0/0    19:51   0:45   1:31 
Kirby Dach               0  0  0   0  0   4  1  0  1  0  0/0    13:20   0:56   0:00 
Mathieu Perreault        0  0  0   0  0   4  1  0  1  0  4/10   14:05   0:08   0:00 
Philippe Myers           0  1  1   1  0   2  3  2  0  0  0/0    16:45   0:00   0:00 
Ryan Lindgren            0  0  0   1  2   3  2  0  0  2  0/0    17:09   0:00   0:00 
Sebastian Aho            0  0  0   0  2   5  2  0  1  3  9/18   16:54   1:03   2:03 
Shayne Gostisbehere      0  0  0   0  0   0  0  0  0  0  0/0    19:51   0:45   1:31 
Travis Sanheim           0  0  0  -1  0   0  1  2  0  0  0/0    23:24   1:14   2:31 
Tyler Johnson            0  0  0   0  0   2  3  0  1  0  1/1    14:47   0:58   0:00 

3 Stars

1 - Elvis Merzlikins (BUF)
2 - Kevin Hayes (BUF)
3 - Anze Kopitar (BUF)

Power Play

Sabres - 1 on 3 Attempt(s) - 33,33%
Nordiques - 0 on 1 Attempt(s) - 0,00%

Penalty Kill

Sabres - 1 on 1 Attempt(s) - 100,00% - Score 0 goal in Penalty Kill
Nordiques - 2 on 3 Attempt(s) - 66,67% - Score 0 goal in Penalty Kill

Team Stat

Sabres - Hits : 18 - Faceoff Wins : 29 - Blocked Shots : 8 - Penalty Minutes : 2
Nordiques - Hits : 28 - Faceoff Wins : 25 - Blocked Shots : 14 - Penalty Minutes : 6

Official

Referees : Brad Meier and Mitch Dunning
Linesman : Kyle Larson and Michel Cormier

Game Notes

No Game Note

Finance

Level 1 -- Attendance: 5941 (99,02%) -- Ticket Income 475 280 $
Level 2 -- Attendance: 4929 (98,58%) -- Ticket Income 246 450 $
Level 3 -- Attendance: 2000 (100,00%) -- Ticket Income 50 000 $
Level 4 -- Attendance: 4000 (100,00%) -- Ticket Income 40 000 $
Luxury Box -- Attendance: 900 (90,00%) -- Ticket Income 144 000 $
Game was played at the Colisee.
Total Attendance: 17770 (98,72%)
Total Ticket Income: 955 730 $
Other Income: 468 308 $
Total Income: 1 424 038 $

Sabres

5 vs 5 Forward 
   Center                   Left Wing                Right Wing               Time % Phy DF OF 
 1 Anze Kopitar             Andre Burakovsky         Rickard Rakell           28     0   1  4  
 2 Nicklas Backstrom        Clayton Keller           Kailer Yamamoto          27     1   1  3  
 3 Kevin Hayes              Zach Hyman               Tyler Ennis              26     1   1  3  
 4 Ryan Carpenter           Joonas Donskoi           Viktor Arvidsson         19     0   3  2  

5 vs 5 Defense 
   Defense                  Defense                                           Time % Phy DF OF 
 1 Ivan Provorov            Filip Hronek                                      40     0   3  2  
 2 Rasmus Dahlin            Ryan Murray                                       35     0   3  2  
 3 Marco Scandella          Madison Bowey                                     25     1   3  1  
 4 Ivan Provorov            Filip Hronek                                      0      1   4  0  

PowerPlay Forward 
   Center                   Left Wing                Right Wing               Time % Phy DF OF 
 1 Anze Kopitar             Rickard Rakell           Kailer Yamamoto          60     0   0  5  
 2 Nicklas Backstrom        Andre Burakovsky         Kevin Hayes              40     0   0  5  

PowerPlay Defense
   Defense                  Defense                                           Time % Phy DF OF 
 1 Ivan Provorov            Filip Hronek                                      60     0   1  4  
 2 Rasmus Dahlin            Ryan Murray                                       40     0   1  4  

Penalty Kill 4 Players Forward 
   Center                   Wing                     Time % Phy DF OF 
 1 Ryan Carpenter           Zach Hyman               65     0   4  1  
 2 Kevin Hayes              Joonas Donskoi           35     0   4  1  

Penalty Kill 4 Players Defense
   Defense                  Defense                  Time % Phy DF OF 
 1 Ryan Murray              Filip Hronek             60     0   5  0  
 2 Ivan Provorov            Marco Scandella          40     0   5  0  

Penalty Kill - 3 Players Forward 
   Forward                                           Time % Phy DF OF 
 1 Ryan Carpenter                                    60     0   5  0  
 2 Kevin Hayes                                       40     0   5  0  

Penalty Kill - 3 Players Defense
   Defense                  Defense                  Time % Phy DF OF 
 1 Filip Hronek             Ryan Murray              60     0   5  0  
 2 Ivan Provorov            Marco Scandella          40     0   5  0  

4 vs 4 Forward 
   Center                   Wing                     Time % Phy DF OF 
 1 Kevin Hayes              Kailer Yamamoto          55     1   2  2  
 2 Ryan Carpenter           Joonas Donskoi           45     1   2  2  

4 vs 4 Defense
   Defense                  Defense                  Time % Phy DF OF 
 1 Ivan Provorov            Filip Hronek             55     1   2  2  
 2 Rasmus Dahlin            Ryan Murray              45     1   2  2  

Last Minutes Offensive
   Center                   Left Wing                Right Wing               Defense                  Defense                  
   Anze Kopitar             Tyler Ennis              Kailer Yamamoto          Ivan Provorov            Filip Hronek             

Last Minutes Defensive
   Center                   Left Wing                Right Wing               Defense                  Defense                  
   Ryan Carpenter           Kevin Hayes              Joonas Donskoi           Ivan Provorov            Filip Hronek             

Goaltenders
Starting : Elvis Merzlikins         
Backup : Martin Jones             

Extra Forwards
Normal : Clayton Keller, Tyler Ennis, Joonas Donskoi - PP : Clayton Keller, Tyler Ennis - PK : Joonas Donskoi
Extra Defensemen
Normal : Marco Scandella, Madison Bowey, Rasmus Dahlin - PP : Marco Scandella - PK : Madison Bowey, Rasmus Dahlin
Penalty Shots
Rickard Rakell, Rasmus Dahlin, Nicklas Backstrom, Anze Kopitar, Joonas Donskoi
Custom OT Lines Forwards
Anze Kopitar, Nicklas Backstrom, Kevin Hayes, Rickard Rakell, Andre Burakovsky, Ryan Carpenter, Clayton Keller, Tyler Ennis, Joonas Donskoi, Zach Hyman
Custom OT Lines Defensemen
Ivan Provorov, Filip Hronek, Rasmus Dahlin, Ryan Murray, Marco Scandella

Scratches
James Reimer (Healthy)

Nordiques

5 vs 5 Forward 
   Center                   Left Wing                Right Wing               Time % Phy DF OF 
 1 Sebastian Aho            Alexander Wennberg       Tyler Johnson            25     1   2  2  
 2 Brandon Dubinsky         Justin Abdelkader        Kirby Dach               25     1   2  2  
 3 Mathieu Perreault        David Backes             Cole Schneider           25     1   2  2  
 4 Joel L'Esperance         Joel Farabee             Hudson Fasching          25     1   2  2  

5 vs 5 Defense 
   Defense                  Defense                                           Time % Phy DF OF 
 1 Brent Seabrook           Travis Sanheim                                    34     1   2  2  
 2 Justin Holl              Shayne Gostisbehere                               33     1   2  2  
 3 Philippe Myers           Ryan Lindgren                                     33     1   2  2  
 4 Brent Seabrook           Travis Sanheim                                    0      1   2  2  

PowerPlay Forward 
   Center                   Left Wing                Right Wing               Time % Phy DF OF 
 1 Sebastian Aho            Alexander Wennberg       Tyler Johnson            50     1   2  2  
 2 Brandon Dubinsky         Justin Abdelkader        Kirby Dach               50     1   2  2  

PowerPlay Defense
   Defense                  Defense                                           Time % Phy DF OF 
 1 Brent Seabrook           Travis Sanheim                                    50     1   2  2  
 2 Justin Holl              Shayne Gostisbehere                               50     1   2  2  

Penalty Kill 4 Players Forward 
   Center                   Wing                     Time % Phy DF OF 
 1 Brandon Dubinsky         Justin Abdelkader        50     1   2  2  
 2 Sebastian Aho            Alexander Wennberg       50     1   2  2  

Penalty Kill 4 Players Defense
   Defense                  Defense                  Time % Phy DF OF 
 1 Brent Seabrook           Travis Sanheim           50     1   2  2  
 2 Justin Holl              Shayne Gostisbehere      50     1   2  2  

Penalty Kill - 3 Players Forward 
   Forward                                           Time % Phy DF OF 
 1 Brandon Dubinsky                                  50     1   2  2  
 2 Sebastian Aho                                     50     1   2  2  

Penalty Kill - 3 Players Defense
   Defense                  Defense                  Time % Phy DF OF 
 1 Brent Seabrook           Travis Sanheim           50     1   2  2  
 2 Justin Holl              Shayne Gostisbehere      50     1   2  2  

4 vs 4 Forward 
   Center                   Wing                     Time % Phy DF OF 
 1 Sebastian Aho            Alexander Wennberg       50     1   2  2  
 2 Tyler Johnson            Brandon Dubinsky         50     1   2  2  

4 vs 4 Defense
   Defense                  Defense                  Time % Phy DF OF 
 1 Brent Seabrook           Travis Sanheim           50     1   2  2  
 2 Justin Holl              Shayne Gostisbehere      50     1   2  2  

Last Minutes Offensive
   Center                   Left Wing                Right Wing               Defense                  Defense                  
   Sebastian Aho            Alexander Wennberg       Tyler Johnson            Brent Seabrook           Travis Sanheim           

Last Minutes Defensive
   Center                   Left Wing                Right Wing               Defense                  Defense                  
   Sebastian Aho            Alexander Wennberg       Tyler Johnson            Brent Seabrook           Travis Sanheim           

Goaltenders
Starting : Dan Vladar               
Backup : Craig Anderson           

Extra Forwards
Normal : Mathieu Perreault, David Backes, Cole Schneider - PP : Mathieu Perreault, David Backes - PK : Cole Schneider
Extra Defensemen
Normal : Philippe Myers, Ryan Lindgren, Justin Holl - PP : Philippe Myers - PK : Ryan Lindgren, Justin Holl
Penalty Shots
Sebastian Aho, Alexander Wennberg, Tyler Johnson, Brandon Dubinsky, Justin Holl
Custom OT Lines Forwards
Sebastian Aho, Alexander Wennberg, Tyler Johnson, Brandon Dubinsky, Justin Holl, Justin Abdelkader, Kirby Dach, Mathieu Perreault, David Backes, Cole Schneider
Custom OT Lines Defensemen
Brent Seabrook, Travis Sanheim, Justin Holl, Shayne Gostisbehere, Philippe Myers

Scratches
Pat Nagle (Healthy)

% Time on Ice - Sabres

Lines # - Real PCT - Wanted PCT - Time Play
Normal Forward
1 - 26% - 28% - 13:54
2 - 27% - 27% - 14:17
3 - 25% - 26% - 13:09
4 - 22% - 19% - 11:36
Normal Defense
1 - 39% - 40% - 20:29
2 - 36% - 35% - 19:01
3 - 25% - 25% - 13:26
4 - 0% - 0% - 0:00
PP Forward
1 - 54% - 60% - 2:11
2 - 46% - 40% - 1:51
PP Defense
1 - 58% - 60% - 2:20
2 - 42% - 40% - 1:42
PK Forward
1 - 100% - 65% - 1:59
2 - 0% - 35% - 0:00
PK Defense
1 - 67% - 60% - 1:20
2 - 33% - 40% - 0:39
PK3 Forward
1 - 0% - 60%
2 - 0% - 40%
PK3 Defense
1 - 0% - 60%
2 - 0% - 40%
44 Forward
1 - 0% - 55%
2 - 0% - 45%
44 Defense
1 - 0% - 55%
2 - 0% - 45%
Last Minute Offensive  - 0:00
Last Minute Defensive  - 1:03
Total
Forward - 60:00
Defense - 60:00

% Time on Ice - Nordiques

Lines # - Real PCT - Wanted PCT - Time Play
Normal Forward
1 - 24% - 25% - 12:42
2 - 24% - 25% - 12:49
3 - 26% - 25% - 13:44
4 - 26% - 25% - 13:37
Normal Defense
1 - 34% - 34% - 17:55
2 - 33% - 33% - 17:35
3 - 32% - 33% - 16:45
4 - 1% - 0% - 0:37
PP Forward
1 - 53% - 50% - 1:03
2 - 47% - 50% - 0:56
PP Defense
1 - 62% - 50% - 1:14
2 - 38% - 50% - 0:45
PK Forward
1 - 49% - 50% - 1:58
2 - 51% - 50% - 2:04
PK Defense
1 - 62% - 50% - 2:31
2 - 38% - 50% - 1:31
PK3 Forward
1 - 0% - 50%
2 - 0% - 50%
PK3 Defense
1 - 0% - 50%
2 - 0% - 50%
44 Forward
1 - 0% - 50%
2 - 0% - 50%
44 Defense
1 - 0% - 50%
2 - 0% - 50%
Last Minute Offensive  - 1:07
Last Minute Defensive  - 0:00
Total
Forward - 60:00
Defense - 60:00

Play-by-Play

1st period


0:01 of 1st period - Anze Kopitar wins face-off versus Sebastian Aho in neutral zone.
0:14 of 1st period - Snap shot by Alexander Wennberg.
0:14 of 1st period - Shot Misses the Net.
0:16 of 1st period - Snap shot by Tyler Johnson.
0:16 of 1st period - Stopped by Elvis Merzlikins without a rebound.
0:17 of 1st period - Brandon Dubinsky wins face-off versus Clayton Keller in Sabres zone.
0:20 of 1st period - Snap shot by Kirby Dach.
0:20 of 1st period - Stopped by Elvis Merzlikins with a rebound.
0:49 of 1st period - Wrist shot by David Backes.
0:49 of 1st period - Stopped by Elvis Merzlikins with a rebound.
1:07 of 1st period - Wrist shot by Joonas Donskoi.
1:07 of 1st period - Shot Misses the Net.
1:13 of 1st period - Ryan Murray is hit by Philippe Myers.
1:17 of 1st period - Rasmus Dahlin is hit by Philippe Myers and loses puck.
1:54 of 1st period - Wrist shot by Kirby Dach.
1:54 of 1st period - Deflect By Clayton Keller.
1:54 of 1st period - Shot Misses the Net.
1:54 of 1st period - Puck is out of play.
1:55 of 1st period - Mathieu Perreault wins face-off versus Kailer Yamamoto in Sabres zone.
2:30 of 1st period - Wrist shot by Kailer Yamamoto.
2:30 of 1st period - Shot Misses the Net.
2:34 of 1st period - Wrist shot by Kailer Yamamoto.
2:34 of 1st period - Stopped by Dan Vladar with a rebound.
2:36 of 1st period - Snap shot by Nicklas Backstrom.
2:36 of 1st period - Shot Blocked by Justin Holl.
3:02 of 1st period - Wrist shot by Kailer Yamamoto.
3:02 of 1st period - Shot Misses the Net.
3:39 of 1st period - Snap shot by David Backes.
3:39 of 1st period - Shot Blocked by Marco Scandella.
3:41 of 1st period - Slapshot by Shayne Gostisbehere.
3:41 of 1st period - Shot Blocked by Marco Scandella.
3:43 of 1st period - Snap shot by David Backes.
3:43 of 1st period - Shot Blocked by Nicklas Backstrom.
3:45 of 1st period - Slapshot by Justin Holl.
3:45 of 1st period - Stopped by Elvis Merzlikins with a rebound.
3:47 of 1st period - Snap shot by Mathieu Perreault.
3:47 of 1st period - Stopped by Elvis Merzlikins without a rebound.
3:48 of 1st period - Tyler Ennis wins face-off versus Joel L'Esperance in Sabres zone.
3:48 of 1st period - Tyler Ennis is hit by Joel L'Esperance.
5:33 of 1st period - Backhand shot by Andre Burakovsky.
5:33 of 1st period - Shot Misses the Net.
5:41 of 1st period - Wrist shot by Andre Burakovsky.
5:41 of 1st period - Deflect By Anze Kopitar.
5:41 of 1st period - Shot Misses the Net.
5:41 of 1st period - Puck is out of play.
5:42 of 1st period - Brandon Dubinsky wins face-off versus Kevin Hayes in Nordiques zone.
5:51 of 1st period - Icing by Ivan Provorov.
5:52 of 1st period - Brandon Dubinsky wins face-off versus Kevin Hayes in Sabres zone.
6:05 of 1st period - Slapshot by Kirby Dach.
6:05 of 1st period - Shot Misses the Net.
6:21 of 1st period - Snap shot by Zach Hyman.
6:21 of 1st period - Shot Misses the Net.
6:23 of 1st period - Slapshot by Ivan Provorov.
6:23 of 1st period - Shot Misses the Net.
6:29 of 1st period - Wrist shot by Kirby Dach.
6:29 of 1st period - Deflect By Brandon Dubinsky.
6:29 of 1st period - Shot Misses the Net.
6:29 of 1st period - Puck is out of play.
6:30 of 1st period - Sebastian Aho wins face-off versus Ryan Carpenter in Sabres zone.
6:33 of 1st period - Snap shot by Sebastian Aho.
6:33 of 1st period - Stopped by Elvis Merzlikins without a rebound.
6:34 of 1st period - Sebastian Aho wins face-off versus Ryan Carpenter in Sabres zone.
7:55 of 1st period - Wrist shot by Zach Hyman.
7:55 of 1st period - Stopped by Dan Vladar without a rebound.
7:56 of 1st period - Brandon Dubinsky wins face-off versus Ryan Carpenter in Nordiques zone.
8:21 of 1st period - Filip Hronek is hit by Travis Sanheim and loses puck.
9:20 of 1st period - Travis Sanheim is hit by Anze Kopitar and loses puck.
9:44 of 1st period - Ivan Provorov is hit by Joel L'Esperance and loses puck.
9:59 of 1st period - Snap shot by Joonas Donskoi.
9:59 of 1st period - Shot Blocked by Philippe Myers.
10:15 of 1st period - Wrist shot by Anze Kopitar.
10:15 of 1st period - Stopped by Dan Vladar with a rebound.
10:42 of 1st period - Slapshot by Kevin Hayes.
10:42 of 1st period - Shot Misses the Net.
10:44 of 1st period - Slapshot by Marco Scandella.
10:44 of 1st period - Stopped by Dan Vladar with a rebound.
10:46 of 1st period - Slapshot by Zach Hyman.
10:46 of 1st period - Deflect By Kevin Hayes.
10:46 of 1st period - Shot Blocked by Justin Holl.
10:46 of 1st period - Puck is out of play.
10:47 of 1st period - Ryan Carpenter wins face-off versus Brandon Dubinsky in Nordiques zone.
10:48 of 1st period - Wrist shot by Viktor Arvidsson.
10:48 of 1st period - Shot Misses the Net.
11:00 of 1st period - Snap shot by Kirby Dach.
11:00 of 1st period - Stopped by Elvis Merzlikins with a rebound.
11:02 of 1st period - Snap shot by Brandon Dubinsky.
11:02 of 1st period - Shot Misses the Net.
11:09 of 1st period - Icing by Joonas Donskoi.
11:10 of 1st period - Sebastian Aho wins face-off versus Anze Kopitar in Sabres zone.
11:12 of 1st period - Icing by Ryan Murray.
11:13 of 1st period - Anze Kopitar wins face-off versus Sebastian Aho in Sabres zone.
11:30 of 1st period - Snap shot by Andre Burakovsky.
11:30 of 1st period - Shot Blocked by Brent Seabrook.
12:02 of 1st period - Filip Hronek is hit by Kirby Dach and loses puck.
12:09 of 1st period - Snap shot by Kirby Dach.
12:09 of 1st period - Stopped by Elvis Merzlikins with a rebound.
12:11 of 1st period - Slapshot by Brent Seabrook.
12:11 of 1st period - Shot Misses the Net.
12:27 of 1st period - Snap shot by Viktor Arvidsson.
12:27 of 1st period - Shot Blocked by Philippe Myers.
13:42 of 1st period - Snap shot by Viktor Arvidsson.
13:42 of 1st period - Stopped by Dan Vladar without a rebound.
13:43 of 1st period - Ryan Carpenter wins face-off versus Sebastian Aho in Nordiques zone.
13:50 of 1st period - Snap shot by Joonas Donskoi.
13:50 of 1st period - Stopped by Dan Vladar with a rebound.
14:04 of 1st period - Ryan Murray is hit by Alexander Wennberg and loses puck.
14:15 of 1st period - Snap shot by Sebastian Aho.
14:15 of 1st period - Stopped by Elvis Merzlikins with a rebound.
14:17 of 1st period - Snap shot by Sebastian Aho.
14:17 of 1st period - Shot Misses the Net.
14:19 of 1st period - Wrist shot by Sebastian Aho.
14:19 of 1st period - Stopped by Elvis Merzlikins without a rebound.
14:20 of 1st period - Andre Burakovsky wins face-off versus Brandon Dubinsky in Sabres zone.
14:25 of 1st period - Snap shot by Kirby Dach.
14:25 of 1st period - Shot Misses the Net.
14:27 of 1st period - Slapshot by Justin Abdelkader.
14:27 of 1st period - Stopped by Elvis Merzlikins with a rebound.
14:29 of 1st period - Slapshot by Ryan Lindgren.
14:29 of 1st period - Stopped by Elvis Merzlikins with a rebound.
14:36 of 1st period - Off-side.
14:37 of 1st period - Kevin Hayes wins face-off versus Joel Farabee in neutral zone.
14:48 of 1st period - Snap shot by Zach Hyman.
14:48 of 1st period - Shot Misses the Net.
14:50 of 1st period - Wrist shot by Zach Hyman.
14:50 of 1st period - Stopped by Dan Vladar with a rebound.
14:52 of 1st period - Wrist shot by Kevin Hayes.
14:52 of 1st period - Goal by Kevin Hayes - Sabres : 1 - Nordiques : 0.
14:53 of 1st period - Brandon Dubinsky wins face-off versus Nicklas Backstrom in neutral zone.
15:04 of 1st period - Snap shot by Nicklas Backstrom.
15:04 of 1st period - Deflect By Kailer Yamamoto.
15:04 of 1st period - Shot Misses the Net.
15:04 of 1st period - Puck is out of play.
15:05 of 1st period - Brandon Dubinsky wins face-off versus Rickard Rakell in Nordiques zone.
15:14 of 1st period - Slapshot by Kirby Dach.
15:14 of 1st period - Stopped by Elvis Merzlikins with a rebound.
16:03 of 1st period - Ryan Carpenter is hit by Brent Seabrook and loses puck.
16:31 of 1st period - Minor Penalty to Sebastian Aho for Hooking.
16:32 of 1st period - Anze Kopitar wins face-off versus Brandon Dubinsky in Nordiques zone.
16:35 of 1st period - Wrist shot by Anze Kopitar.
16:35 of 1st period - Goal by Anze Kopitar - Sabres : 2 - Nordiques : 0.
16:36 of 1st period - Anze Kopitar wins face-off versus Hudson Fasching in neutral zone.
16:41 of 1st period - Wrist shot by Rickard Rakell.
16:41 of 1st period - Stopped by Dan Vladar without a rebound.
16:42 of 1st period - Anze Kopitar wins face-off versus Joel L'Esperance in Nordiques zone.
16:45 of 1st period - Slapshot by Andre Burakovsky.
16:45 of 1st period - Shot Misses the Net.
17:14 of 1st period - Off-side.
17:15 of 1st period - Brandon Dubinsky wins face-off versus Nicklas Backstrom in neutral zone.
17:15 of 1st period - Brandon Dubinsky is hit by Kailer Yamamoto.
17:23 of 1st period - Ryan Lindgren is hit by Kailer Yamamoto and loses puck.
18:59 of 1st period - Backhand shot by Joonas Donskoi.
18:59 of 1st period - Shot Misses the Net.
19:01 of 1st period - Wrist shot by Ryan Carpenter.
19:01 of 1st period - Deflect By Joonas Donskoi.
19:01 of 1st period - Shot Misses the Net.
19:01 of 1st period - Puck is out of play.
19:02 of 1st period - Ryan Carpenter wins face-off versus Mathieu Perreault in Nordiques zone.
19:17 of 1st period - Viktor Arvidsson is hit by David Backes and loses puck.
19:34 of 1st period - Rasmus Dahlin is hit by Ryan Lindgren and loses puck.
Goals for this period are 2 for Sabres vs 0 for Nordiques.
Shots for this period are 10 for Sabres vs 13 for Nordiques.

2nd period


0:01 of 2nd period - Mathieu Perreault wins face-off versus Nicklas Backstrom in neutral zone.
0:08 of 2nd period - Slapshot by Cole Schneider.
0:08 of 2nd period - Stopped by Elvis Merzlikins without a rebound.
0:09 of 2nd period - Nicklas Backstrom wins face-off versus Mathieu Perreault in Sabres zone.
0:26 of 2nd period - Snap shot by Mathieu Perreault.
0:26 of 2nd period - Stopped by Elvis Merzlikins with a rebound.
1:00 of 2nd period - Snap shot by David Backes.
1:00 of 2nd period - Shot Misses the Net.
1:02 of 2nd period - Snap shot by Cole Schneider.
1:02 of 2nd period - Stopped by Elvis Merzlikins with a rebound.
1:06 of 2nd period - Slapshot by Mathieu Perreault.
1:06 of 2nd period - Stopped by Elvis Merzlikins with a rebound.
1:42 of 2nd period - Snap shot by Cole Schneider.
1:42 of 2nd period - Stopped by Elvis Merzlikins with a rebound.
1:44 of 2nd period - Slapshot by Philippe Myers.
1:44 of 2nd period - Stopped by Elvis Merzlikins with a rebound.
1:46 of 2nd period - Snap shot by Mathieu Perreault.
1:46 of 2nd period - Deflect By Nicklas Backstrom.
1:46 of 2nd period - Stopped by Elvis Merzlikins without a rebound.
1:47 of 2nd period - Tyler Johnson wins face-off versus Kevin Hayes in Sabres zone.
1:52 of 2nd period - Snap shot by Tyler Johnson.
1:52 of 2nd period - Shot Misses the Net.
1:54 of 2nd period - Snap shot by Alexander Wennberg.
1:54 of 2nd period - Shot Misses the Net.
1:56 of 2nd period - Slapshot by Shayne Gostisbehere.
1:56 of 2nd period - Shot Blocked by Marco Scandella.
1:58 of 2nd period - Snap shot by Sebastian Aho.
1:58 of 2nd period - Stopped by Elvis Merzlikins with a rebound.
2:00 of 2nd period - Slapshot by Justin Holl.
2:00 of 2nd period - Deflect By Alexander Wennberg.
2:00 of 2nd period - Shot Blocked by Tyler Ennis.
2:00 of 2nd period - Puck is out of play.
2:01 of 2nd period - Anze Kopitar wins face-off versus Brandon Dubinsky in Sabres zone.
3:08 of 2nd period - Justin Abdelkader is hit by Andre Burakovsky.
3:22 of 2nd period - Off-side.
3:23 of 2nd period - Joel L'Esperance wins face-off versus Zach Hyman in neutral zone.
3:36 of 2nd period - Slapshot by Tyler Ennis.
3:36 of 2nd period - Shot Blocked by Joel Farabee.
3:38 of 2nd period - Wrist shot by Kevin Hayes.
3:38 of 2nd period - Stopped by Dan Vladar without a rebound.
3:39 of 2nd period - Alexander Wennberg wins face-off versus Anze Kopitar in Nordiques zone.
3:52 of 2nd period - Andre Burakovsky is hit by Tyler Johnson and loses puck.
4:47 of 2nd period - Wrist shot by Joel Farabee.
4:47 of 2nd period - Stopped by Elvis Merzlikins with a rebound.
5:32 of 2nd period - Snap shot by Anze Kopitar.
5:32 of 2nd period - Stopped by Dan Vladar with a rebound.
5:34 of 2nd period - Wrist shot by Andre Burakovsky.
5:34 of 2nd period - Shot Misses the Net.
5:36 of 2nd period - Snap shot by Filip Hronek.
5:36 of 2nd period - Deflect By Brandon Dubinsky.
5:36 of 2nd period - Stopped by Dan Vladar with a rebound.
5:38 of 2nd period - Slapshot by Filip Hronek.
5:38 of 2nd period - Deflect By Anze Kopitar.
5:38 of 2nd period - Stopped by Dan Vladar with a rebound.
5:40 of 2nd period - Slapshot by Filip Hronek.
5:40 of 2nd period - Deflect By Shayne Gostisbehere.
5:40 of 2nd period - Stopped by Dan Vladar without a rebound.
5:41 of 2nd period - Kevin Hayes wins face-off versus Joel L'Esperance in Nordiques zone.
5:42 of 2nd period - Wrist shot by Tyler Ennis.
5:42 of 2nd period - Shot Misses the Net.
5:46 of 2nd period - Slapshot by Kevin Hayes.
5:46 of 2nd period - Stopped by Dan Vladar with a rebound.
5:48 of 2nd period - Slapshot by Madison Bowey.
5:48 of 2nd period - Stopped by Dan Vladar without a rebound.
5:49 of 2nd period - Kevin Hayes wins face-off versus Joel L'Esperance in Nordiques zone.
5:50 of 2nd period - Snap shot by Zach Hyman.
5:50 of 2nd period - Shot Blocked by Brent Seabrook.
5:52 of 2nd period - Wrist shot by Kevin Hayes.
5:52 of 2nd period - Stopped by Dan Vladar with a rebound.
6:47 of 2nd period - Wrist shot by Tyler Ennis.
6:47 of 2nd period - Stopped by Dan Vladar with a rebound.
6:49 of 2nd period - Slapshot by Madison Bowey.
6:49 of 2nd period - Stopped by Dan Vladar with a rebound.
6:51 of 2nd period - Slapshot by Marco Scandella.
6:51 of 2nd period - Shot Blocked by Travis Sanheim.
7:31 of 2nd period - Snap shot by Kevin Hayes.
7:31 of 2nd period - Shot Blocked by Hudson Fasching.
7:33 of 2nd period - Slapshot by Marco Scandella.
7:33 of 2nd period - Deflect By Kevin Hayes.
7:33 of 2nd period - Shot Blocked by Brent Seabrook.
7:33 of 2nd period - Puck is out of play.
7:34 of 2nd period - Anze Kopitar wins face-off versus Sebastian Aho in Nordiques zone.
8:22 of 2nd period - Slapshot by Joonas Donskoi.
8:22 of 2nd period - Shot Misses the Net.
8:24 of 2nd period - Wrist shot by Joonas Donskoi.
8:24 of 2nd period - Shot Misses the Net.
8:26 of 2nd period - Slapshot by Joonas Donskoi.
8:26 of 2nd period - Shot Misses the Net.
8:45 of 2nd period - Snap shot by Sebastian Aho.
8:45 of 2nd period - Deflect By Alexander Wennberg.
8:45 of 2nd period - Stopped by Elvis Merzlikins with a rebound.
9:13 of 2nd period - Ryan Carpenter is hit by Tyler Johnson and loses puck.
9:26 of 2nd period - Cole Schneider is hit by Andre Burakovsky and loses puck.
10:27 of 2nd period - Kirby Dach is hit by Clayton Keller and loses puck.
11:04 of 2nd period - Shayne Gostisbehere is hit by Rickard Rakell and loses puck.
11:15 of 2nd period - David Backes is hit by Joonas Donskoi and loses puck.
11:36 of 2nd period - Philippe Myers is hit by Filip Hronek and loses puck.
12:06 of 2nd period - Joonas Donskoi is hit by Hudson Fasching and loses puck.
12:39 of 2nd period - Justin Abdelkader is hit by Tyler Ennis and loses puck.
13:11 of 2nd period - Philippe Myers is hit by Ryan Carpenter and loses puck.
13:16 of 2nd period - Slapshot by Viktor Arvidsson.
13:16 of 2nd period - Stopped by Dan Vladar without a rebound.
13:17 of 2nd period - Brandon Dubinsky wins face-off versus Ryan Carpenter in Nordiques zone.
13:39 of 2nd period - Minor Penalty to Andre Burakovsky for Holding.
13:40 of 2nd period - Sebastian Aho wins face-off versus Ryan Carpenter in Sabres zone.
13:48 of 2nd period - Wrist shot by Alexander Wennberg.
13:48 of 2nd period - Stopped by Elvis Merzlikins with a rebound.
13:50 of 2nd period - Snap shot by Sebastian Aho.
13:50 of 2nd period - Shot Blocked by Filip Hronek.
14:36 of 2nd period - Justin Abdelkader is hit by Marco Scandella.
15:14 of 2nd period - Clayton Keller is hit by Tyler Johnson.
15:39 of 2nd period - Penalty to Andre Burakovsky is over, Andre Burakovsky is back on ice.
15:42 of 2nd period - Snap shot by Joel Farabee.
15:42 of 2nd period - Shot Blocked by Andre Burakovsky.
15:44 of 2nd period - Wrist shot by Philippe Myers.
15:44 of 2nd period - Stopped by Elvis Merzlikins with a rebound.
15:46 of 2nd period - Snap shot by Joel Farabee.
15:46 of 2nd period - Stopped by Elvis Merzlikins with a rebound.
15:54 of 2nd period - Snap shot by Joel L'Esperance.
15:54 of 2nd period - Shot Misses the Net.
16:06 of 2nd period - Joonas Donskoi is hit by David Backes and loses puck.
16:52 of 2nd period - Brent Seabrook is hit by Tyler Ennis and loses puck.
18:32 of 2nd period - Rasmus Dahlin is hit by Justin Holl and loses puck.
19:21 of 2nd period - Joel L'Esperance is hit by Tyler Ennis and loses puck.
19:40 of 2nd period - Ryan Murray is hit by Alexander Wennberg and loses puck.
19:55 of 2nd period - Wrist shot by Clayton Keller.
19:55 of 2nd period - Shot Misses the Net.
19:57 of 2nd period - Slapshot by Rasmus Dahlin.
19:57 of 2nd period - Stopped by Dan Vladar without a rebound.
19:58 of 2nd period - Nicklas Backstrom wins face-off versus Mathieu Perreault in Nordiques zone.
19:59 of 2nd period - Wrist shot by Kailer Yamamoto.
19:59 of 2nd period - Stopped by Dan Vladar with a rebound.
Goals for this period are 0 for Sabres vs 0 for Nordiques.
Shots for this period are 13 for Sabres vs 13 for Nordiques.

3rd period


0:01 of 3rd period - Sebastian Aho wins face-off versus Nicklas Backstrom in neutral zone.
0:03 of 3rd period - Off-side.
0:04 of 3rd period - Sebastian Aho wins face-off versus Nicklas Backstrom in neutral zone.
0:11 of 3rd period - Snap shot by Clayton Keller.
0:11 of 3rd period - Stopped by Dan Vladar without a rebound.
0:12 of 3rd period - Anze Kopitar wins face-off versus Brandon Dubinsky in Nordiques zone.
0:23 of 3rd period - Snap shot by Andre Burakovsky.
0:23 of 3rd period - Shot Misses the Net.
0:25 of 3rd period - Snap shot by Rickard Rakell.
0:25 of 3rd period - Shot Misses the Net.
0:27 of 3rd period - Slapshot by Filip Hronek.
0:27 of 3rd period - Stopped by Dan Vladar with a rebound.
0:29 of 3rd period - Snap shot by Anze Kopitar.
0:29 of 3rd period - Shot Misses the Net.
1:31 of 3rd period - Icing by Rasmus Dahlin.
1:32 of 3rd period - Brandon Dubinsky wins face-off versus Ryan Carpenter in Sabres zone.
1:35 of 3rd period - Wrist shot by Brandon Dubinsky.
1:35 of 3rd period - Stopped by Elvis Merzlikins without a rebound.
1:36 of 3rd period - Anze Kopitar wins face-off versus Brandon Dubinsky in Sabres zone.
1:47 of 3rd period - Wrist shot by Rickard Rakell.
1:47 of 3rd period - Stopped by Dan Vladar without a rebound.
1:48 of 3rd period - Nicklas Backstrom wins face-off versus Sebastian Aho in Nordiques zone.
1:54 of 3rd period - Icing by Philippe Myers.
1:55 of 3rd period - Nicklas Backstrom wins face-off versus Sebastian Aho in Nordiques zone.
2:28 of 3rd period - Slapshot by Kirby Dach.
2:28 of 3rd period - Shot Misses the Net.
2:30 of 3rd period - Slapshot by Ryan Lindgren.
2:30 of 3rd period - Stopped by Elvis Merzlikins without a rebound.
2:31 of 3rd period - Nicklas Backstrom wins face-off versus Mathieu Perreault in Sabres zone.
2:31 of 3rd period - Nicklas Backstrom is hit by Brent Seabrook.
3:02 of 3rd period - Alexander Wennberg is hit by Rasmus Dahlin and loses puck.
3:27 of 3rd period - Slapshot by Tyler Ennis.
3:27 of 3rd period - Shot Blocked by Justin Holl.
4:17 of 3rd period - Minor Penalty to Ryan Lindgren for Diving.
4:18 of 3rd period - Sebastian Aho wins face-off versus Anze Kopitar in Nordiques zone.
4:23 of 3rd period - Anze Kopitar is hit by Sebastian Aho and loses puck.
6:08 of 3rd period - Ivan Provorov is hit by Justin Abdelkader and loses puck.
6:17 of 3rd period - Penalty to Ryan Lindgren is over, Ryan Lindgren is back on ice.
6:33 of 3rd period - Slapshot by Cole Schneider.
6:33 of 3rd period - Stopped by Elvis Merzlikins with a rebound.
6:39 of 3rd period - Wrist shot by Cole Schneider.
6:39 of 3rd period - Shot Misses the Net.
6:41 of 3rd period - Snap shot by Cole Schneider.
6:41 of 3rd period - Deflect By Ryan Lindgren.
6:41 of 3rd period - Stopped by Elvis Merzlikins without a rebound.
6:42 of 3rd period - Kevin Hayes wins face-off versus Mathieu Perreault in Sabres zone.
7:50 of 3rd period - Snap shot by Rickard Rakell.
7:50 of 3rd period - Stopped by Dan Vladar with a rebound.
8:14 of 3rd period - Snap shot by Viktor Arvidsson.
8:14 of 3rd period - Stopped by Dan Vladar with a rebound.
8:29 of 3rd period - Filip Hronek is hit by Justin Holl.
8:53 of 3rd period - Clayton Keller is hit by Sebastian Aho and loses puck.
9:14 of 3rd period - Marco Scandella is hit by Justin Abdelkader and loses puck.
9:25 of 3rd period - Madison Bowey is hit by Mathieu Perreault and loses puck.
9:46 of 3rd period - Zach Hyman is hit by Joel Farabee and loses puck.
9:53 of 3rd period - Joel Farabee is hit by Filip Hronek.
11:03 of 3rd period - Philippe Myers is hit by Kevin Hayes and loses puck.
11:10 of 3rd period - Wrist shot by Hudson Fasching.
11:10 of 3rd period - Goal by Hudson Fasching - Sabres : 2 - Nordiques : 1.
11:11 of 3rd period - Sebastian Aho wins face-off versus Anze Kopitar in neutral zone.
12:33 of 3rd period - Viktor Arvidsson is hit by Hudson Fasching and loses puck.
12:58 of 3rd period - Wrist shot by Anze Kopitar.
12:58 of 3rd period - Shot Blocked by Travis Sanheim.
13:04 of 3rd period - Minor Penalty to David Backes for Diving.
13:05 of 3rd period - Anze Kopitar wins face-off versus Sebastian Aho in Nordiques zone.
15:04 of 3rd period - Penalty to David Backes is over, David Backes is back on ice.
15:24 of 3rd period - Joel L'Esperance is hit by Viktor Arvidsson and loses puck.
16:15 of 3rd period - Kailer Yamamoto is hit by Ryan Lindgren and loses puck.
16:50 of 3rd period - Icing by Viktor Arvidsson.
16:51 of 3rd period - Mathieu Perreault wins face-off versus Nicklas Backstrom in Sabres zone.
17:04 of 3rd period - Wrist shot by Sebastian Aho.
17:04 of 3rd period - Stopped by Elvis Merzlikins without a rebound.
17:05 of 3rd period - Sebastian Aho wins face-off versus Anze Kopitar in Sabres zone.
17:12 of 3rd period - Snap shot by Alexander Wennberg.
17:12 of 3rd period - Stopped by Elvis Merzlikins with a rebound.
17:30 of 3rd period - Ivan Provorov is hit by Philippe Myers and loses puck.
17:39 of 3rd period - Backhand shot by David Backes.
17:39 of 3rd period - Deflect By Cole Schneider.
17:39 of 3rd period - Shot Misses the Net.
17:39 of 3rd period - Puck is out of play.
17:40 of 3rd period - Nicklas Backstrom wins face-off versus Joel L'Esperance in Sabres zone.
17:51 of 3rd period - Wrist shot by Clayton Keller.
17:51 of 3rd period - Deflect By Nicklas Backstrom.
17:51 of 3rd period - Shot Blocked by Joel Farabee.
17:51 of 3rd period - Puck is out of play.
17:52 of 3rd period - Mathieu Perreault wins face-off versus Kevin Hayes in Nordiques zone.
17:56 of 3rd period - Off-side.
17:57 of 3rd period - Kevin Hayes wins face-off versus Mathieu Perreault in neutral zone.
18:11 of 3rd period - Slapshot by Zach Hyman.
18:11 of 3rd period - Stopped by Dan Vladar without a rebound.
18:12 of 3rd period - Anze Kopitar wins face-off versus Joel L'Esperance in Nordiques zone.
18:23 of 3rd period - Wrist shot by Rickard Rakell.
18:23 of 3rd period - Stopped by Dan Vladar with a rebound.
18:25 of 3rd period - Wrist shot by Anze Kopitar.
18:25 of 3rd period - Shot Blocked by Brent Seabrook.
18:27 of 3rd period - Slapshot by Ivan Provorov.
18:27 of 3rd period - Deflect By Travis Sanheim.
18:27 of 3rd period - Stopped by Dan Vladar with a rebound.
19:01 of 3rd period - Nordiques, Dan Vladar is pulled from the net.
19:03 of 3rd period - Snap shot by Sebastian Aho.
19:03 of 3rd period - Deflect By Alexander Wennberg.
19:03 of 3rd period - Stopped by Elvis Merzlikins with a rebound.
19:05 of 3rd period - Snap shot by Tyler Johnson.
19:05 of 3rd period - Deflect By Alexander Wennberg.
19:05 of 3rd period - Shot Blocked by Ryan Carpenter.
19:05 of 3rd period - Puck is out of play.
19:06 of 3rd period - Kirk Muller call a timeout for Nordiques.
19:06 of 3rd period - Ryan Carpenter wins face-off versus Sebastian Aho in Sabres zone.
19:30 of 3rd period - Slapshot by Sebastian Aho.
19:30 of 3rd period - Shot Misses the Net.
19:32 of 3rd period - Wrist shot by Tyler Johnson.
19:32 of 3rd period - Shot Misses the Net.
19:34 of 3rd period - Backhand shot by Tyler Johnson.
19:34 of 3rd period - Stopped by Elvis Merzlikins with a rebound.
19:36 of 3rd period - Snap shot by Sebastian Aho.
19:36 of 3rd period - Deflect By Tyler Johnson.
19:36 of 3rd period - Shot Hit the Post.
19:36 of 3rd period - Puck is out of play.
19:37 of 3rd period - Ryan Carpenter wins face-off versus Sebastian Aho in Sabres zone.
Goals for this period are 0 for Sabres vs 1 for Nordiques.
Shots for this period are 8 for Sabres vs 9 for Nordiques.